 Dungeon Crawl Stone Soup version 0.24.1-8-ga250c9d538 (webtiles) character file.

Game seed: 590253471830471431, levelgen mode: deterministic

104364 Lemonice the Stormcaller (level 16, -2/76 HPs)
             Began as a Tengu Air Elementalist on Apr 27, 2020.
             Was the Champion of Qazlal.
             Slain by a profane servitor
             ... wielding a +3 demon whip of flaming
              (24 damage)
             ... on level 2 of the Abyss.
             The game lasted 03:07:20 (29559 turns).

Lemonice the Stormcaller (Tengu Air Elementalist)  Turns: 29559, Time: 03:07:20

Health: -2/76      AC: 10    Str:  9    XL:     16   Next: 38%
Magic:  24/41      EV: 34    Int: 24    God:    Qazlal [******]
Gold:   2322       SH: 13    Dex: 18    Spells: 1/31 levels left

rFire    + . .     SeeInvis .   t - +7 short sword of Xoerygh {holy, *Noise +Blink rC++ Dex+2}
rCold    + + .     Gourm    .   B - +0 buckler
rNeg     . . .     Faith    .   q - +2 robe {MR+}
rPois    .         Spirit   .   m - +3 hat of a treasure trove {Int+3 Stlth-}
rElec    .         Reflect  .   (no cloak)
rCorr    .         Harm     .   D - +2 pair of gloves
MR       ++...                  (boots unavailable)
Stlth    +.........             Q - amulet of magic regeneration
HPRegen  0.22/turn              b - ring of wizardry
MPRegen  0.52/turn              H - ring of magical power

@: about to teleport, tornado, protected from fire, flying quickly and
evasively, slightly contaminated, wreathed by umbra, lightly drained, repel
missiles, quick
A: beak, talons 3, high mp 1, [screaming 1], strong 1, [weak 1], wild magic 1,
MP-powered wands, able to fly
a: Stop Flying, Upheaval, Elemental Force, Disaster Area, Renounce Religion,
Evoke Blink


You were on level 2 of the Abyss.
You worshipped Qazlal.
Qazlal was exalted by your worship.
You were very hungry.

You visited 4 branches of the dungeon, and saw 22 of its levels.
You visited the Abyss 1 time.
You also visited: Gauntlet and Ice Cave.

You collected 2834 gold pieces.
You spent 512 gold pieces at shops.

Inventory:

Hand Weapons
 t - the +7 short sword of Xoerygh (weapon) {holy, *Noise +Blink rC++ Dex+2}
   (You found it on level 10 of the Dungeon)

   It has been blessed by the Shining One to cause great damage to the undead
   and demons.
   It affects your dexterity (+2).
   It greatly protects you from cold.
   It lets you blink.
   It may make noises in combat.
 E - a +4 triple sword of draining
Armour
 m - the +3 hat of a treasure trove (worn) {Int+3 Stlth-}
   (You acquired it on level 12 of the Dungeon)

   It affects your intelligence (+3).
   It makes you less stealthy.
 o - a +2 chain mail of cold resistance
 q - a +2 robe of magic resistance (worn)
 B - a +0 buckler (worn)
 D - a +2 pair of gloves (worn)
Magical Staves
 j - an uncursed staff of power
Jewellery
 b - a ring of wizardry (left hand)
 l - an uncursed ring of poison resistance
 r - an uncursed ring of resist corrosion
 A - an uncursed ring of see invisible
 H - a ring of magical power (right hand)
 N - an uncursed ring of protection from fire
 P - a +5 ring of intelligence
 Q - an amulet of magic regeneration (around neck)
Wands
 h - a wand of digging (1)
 v - a wand of disintegration (24)
 x - a wand of polymorph (14)
 z - a wand of iceblast (7)
 M - a wand of scattershot (6)
 Z - a wand of paralysis (17)
Scrolls
 e - 9 scrolls of remove curse
 g - 5 scrolls of enchant weapon
 k - 5 scrolls of teleportation
 n - 5 scrolls of enchant armour
 u - 2 scrolls of amnesia
 y - 2 scrolls of magic mapping
 C - 3 scrolls of silence
 L - a scroll of identify
 T - 3 scrolls of immolation
 U - 2 scrolls of fog
 V - a scroll of brand weapon
Potions
 f - 6 potions of curing
 i - 5 potions of haste
 p - 2 potions of cancellation
 s - a potion of berserk rage
 w - 2 potions of might
 F - 2 potions of lignification
 G - a potion of magic
 I - a potion of agility
 J - 4 potions of mutation
 K - a potion of resistance
 S - 3 potions of brilliance
Miscellaneous
 a - a fan of gales (inert)
 W - a crystal ball of energy
Comestibles
 c - 7 rations


   Skills:
 * Level 19.8(19.5) Dodging
 - Level 2.0(1.8) Stealth
 - Level 4.0(3.8) Shields
 - Level 8.4(8.1) Spellcasting
 - Level 13.3(13.0) Conjurations
 * Level 20.9(20.6) Air Magic
 + Level 4.3(4.1) Invocations


You had one spell level left.
You knew the following spells:

 Your Spells              Type           Power        Failure   Level  Hunger
a - Shock                 Conj/Air       ####         1%          1    None
b - Static Discharge      Conj/Air       #######.     1%          3    None
c - Swiftness             Chrm/Air       ######..     1%          2    None
d - Airstrike             Air            #######...   1%          4    ##.....
e - Lightning Bolt        Conj/Air       #######...   1%          5    #####..
f - Conjure Ball Lightni  Conj/Air       #######...   1%          6    ######.
g - Tornado               Air            #######...   52%         9    #######

Your spell library contained the following spells:

 Spells                   Type           Power        Failure   Level  Hunger
 Beastly Appendage        Tmut           ##....       4%          1    None
 Corona                   Hex            ##.....      4%          1    None
 Sandblast                Erth           ##....       4%          1    None
 Dazzling Spray           Conj/Hex       ######       1%          3    None
 Stone Arrow              Conj/Erth      ######       1%          3    None
 Summon Lightning Spire   Summ/Air       ######..     1%          4    ##.....
 Silence                  Hex/Air        ######....   1%          5    #####..
 Ensorcelled Hibernation  Hex/Ice        ##....       6%          2    None
 Passwall                 Tmut/Erth      ##......     6%          2    None
 Shroud of Golubria       Chrm/Tloc      ##....       6%          2    None
 Song of Slaying          Chrm           ##......     6%          2    None
 Sticks to Snakes         Tmut           ##......     6%          2    None
 Iskenderun's Battlesphe  Conj/Chrm      ######..     7%          5    #####..
 Deflect Missiles         Chrm/Air       ######....   9%          6    ######.
 Confuse                  Hex            ##......     11%         3    None
 Regeneration             Chrm/Necr      ##........   11%         3    None
 Spectral Weapon          Hex/Chrm       ##......     11%         3    None
 Spider Form              Tmut/Pois      ##........   11%         3    None
 Tukima's Dance           Hex            ##......     11%         3    None
 Ice Form                 Ice/Tmut       ##......     32%         4    ##.....
 Petrify                  Tmut/Erth      ##......     32%         4    ##.....
 Blade Hands              Tmut           ##........   61%         5    #####..
 Lee's Rapid Deconstruct  Erth           ##........   61%         5    #####..


Dungeon Overview and Level Annotations

Branches:
Dungeon (13/15)            Temple (1/1) D:5            Lair (6/6) D:8
 Shoals (0/4) Lair:3       Spider (0/4) Lair:2        Slime (0/5) Lair:5
    Orc (2/2) D:12            Elf (0/3) Orc:2         IceCv (visited)
Gauntlet (visited)
 Vaults: D:13-14

Altars:
Ashenzari
Cheibriados
Dithmenos
Elyvilon
Fedhas
Gozag
Hepliaklqana
Kikubaaqudgha
Makhleb
Nemelex Xobeh
Okawaru
Qazlal
Ru
Sif Muna
Trog
Uskayaw
Vehumet
Wu Jian
Xom
Yredelemnul
Zin
The Shining One
Beogh
Jiyva

Shops:
D:9 !%?}*   Orc:2 [(*:

Annotations:
D:12 1 runed translucent door


Innate Abilities, Weirdness & Mutations

You have a beak for a mouth.
You have claws for feet.
You can fly continuously.
You have an increased reservoir of magic. (+10% MP)
Your muscles are strong. (Str +2)
Your spells are a little harder to cast, but a little more powerful.
You expend magic power (3 MP) to strengthen your wands.
[You occasionally shout uncontrollably at your foes.]
[You are weak. (Str -2)]


Message History

The ball lightning explodes!
The blast of lightning engulfs you.
You feel protected from electricity.
You hear a bark! x2
Okay, then.
Casting: Tornado (very dangerous; 47% risk of failure)
Confirm with . or Enter, or press ? or * to list all spells.
The spell is very dangerous to cast (47% risk of failure)!
Continue anyway?
A great vortex of raging winds appears around you.
You are feeling very hungry.
The profane servitor hits you with a +3 demon whip of flaming.
The profane servitor draws strength from your injuries!
Your resistance to electricity fades away.
You feel protected from fire. The profane servitor burns you.
The profane servitor hits you with a +3 demon whip of flaming.
* * * LOW HITPOINT WARNING * * *
You feel drained.
The profane servitor hits you with a +3 demon whip of flaming!!
You die...

.##..##..####..
...............
.... ......# #
..##.. #..### #.
..##..##..###..#
........°°....#
.......§§......
.##..##A°##.##.
#.. #@§# .#
.....○§§§§....#
.....○○§....##.
.##..##..##...#
#.. #..# .##.
... .... . ...
.... .## #..##


You could see a profane servitor.

Vanquished Creatures
  Saint Roka (Orc:2)
  A lich (D:12)
  2 tentacled starspawn (Abyss:2)
  A storm dragon (D:12)
  Gastronok (Lair:2)
  An orc warlord (Orc:2)
  The ghost of Hatarum the Fighter, a journeyman DsFi of Uskayaw (D:12)
  A minotaur (Gauntlet)
  Snorg (D:13)
  2 ogre magi (D:13)
  An ice dragon (D:9)
  6 hydras
  4 catoblepae (Lair:6)
  A death knight (D:13)
  12 death yaks
  5 two-headed ogres
  2 death scarabs (Gauntlet)
  2 thrashing horrors (Abyss:2)
  Urug (Lair:6)
  An orc high priest (Orc:2)
  A wretched star (Abyss:2)
  2 skeletal warriors (D:12)
  An unseen horror (D:10)
  3 wizards (D:13)
  A glowing orange brain (Abyss:2)
  A spectral hydra (Gauntlet)
  8 orc knights
  A phantasmal warrior (D:12)
  2 deep elf magi
  An orb spider (Lair:2)
  A necromancer (D:12)
  5 orc sorcerers
  5 oklob plants
  3 cyclopes
  2 ugly things
  8 elephants (Lair:6)
  4 manticores
  2 black mambas
  An apocalypse crab (Gauntlet)
  A merfolk siren (Lair:3)
  A guardian serpent (shapeshifter) (D:10)
  Joseph (D:7)
  2 gargoyles (D:12)
  4 centaur skeletons
  12 spiny frogs
  A kobold demonologist (D:12)
  A freezing wraith (Abyss:2)
  An efreet (D:10)
  6 komodo dragons
  2 trolls
  A hornet (D:10)
  3 merfolk (Lair:3)
  Prince Ribbit (D:7)
  5 blink frogs (Lair:2)
  11 hippogriffs
  A raiju (Abyss:2)
  A spectral dream sheep (Gauntlet)
  5 wraiths
  A centaur simulacrum (D:12)
  6 wyverns
  The ghost of cada the Chopper, an amateur NaFi (D:3)
  The ghost of Mryle the Covert, an amateur SpEn (D:4)
  2 large abominations (Abyss:2)
  2 basilisks
  A spectral fire crab (Gauntlet)
  59 yaks
  Eustachio (D:4)
  A spectral komodo dragon (Gauntlet)
  A steam dragon (D:11)
  Grum (D:11)
  2 hungry ghosts
  Menkaure (D:7)
  Edmund (D:5)
  4 wargs
  A soldier ant (D:11)
  3 acid dragons
  6 porcupines
  14 water moccasins
  2 sky beasts
  9 ice beasts
  38 orc warriors
  5 black bears
  11 ogres
  A necrophage (D:10)
  3 phantoms
  11 centaurs
  14 wolves
  10 crocodiles
  23 bullfrogs
  4 big kobolds
  2 small abominations (Abyss:2)
  2 gnoll sergeants
  A wyvern zombie (D:12)
  5 scorpions
  17 killer bees
  An electric eel (Lair:5)
  6 wights
  5 howler monkeys
  2 crimson imps
  A quasit (Abyss:2)
  29 orc priests
  4 hounds
  2 bullfrog skeletons
  6 jellies
  34 orc wizards
  5 iguanas
  Terence (D:2)
  13 worker ants
  2 hound zombies
  2 hound skeletons (D:4)
  A worker ant zombie (D:8)
  13 adders
  8 gnolls
  2 howler monkey skeletons
  3 oozes (Lair:5)
  4 worms
  4 dart slugs
  6 leopard geckos
  137 orcs
  3 bats
  5 giant cockroaches
  2 goblins
  4 hobgoblins
  4 jackals
  10 quokkas
  A ball python (D:1)
  A frilled lizard (D:2)
  A jackal skeleton (D:6)
  16 kobolds
  A leopard gecko zombie (D:8)
  4 rats
  A fungus (Lair:6)
  13 plants
  2 starspawn tentacles (Abyss:2)
785 creatures vanquished.

Vanquished Creatures (others)
  7 ball lightnings
  A quasit (Abyss:2)
  7 fungi
  12 plants
  2 starspawn tentacles (Abyss:2)
29 creatures vanquished.

Grand Total: 814 creatures vanquished

Notes
Turn   | Place    | Note
-------+----------+-------------------------------------------
     0 | D:1      | Lemonice the Tengu Air Elementalist began the quest for the
                  | Orb.
     0 | D:1      | Reached XP level 1. HP: 10/10 MP: 4/4
   440 | D:1      | Reached XP level 2. HP: 15/15 MP: 6/6
   753 | D:2      | Noticed Terence
   779 | D:2      | Killed Terence
   779 | D:2      | Reached XP level 3. HP: 19/19 MP: 1/7
  1347 | D:2      | Found a glowing golden altar of the Shining One.
  1392 | D:3      | Found a runed translucent door.
  1392 | D:3      | Noticed cada's ghost (amateur NaFi)
  1393 | D:3      | Reached XP level 4. HP: 24/24 MP: 6/8
  1576 | D:3      | Reached skill level 5 in Air Magic
  1731 | D:3      | Found a faded altar of an unknown god.
  2147 | D:3      | Gained mutation: You can fly continuously. [Tengu growth]
  2147 | D:3      | Reached XP level 5. HP: 28/28 MP: 10/10
  2342 | D:4      | Noticed Eustachio
  2833 | D:4      | Learned a level 3 spell: Static Discharge
  2836 | D:4      | Learned a level 2 spell: Swiftness
  2957 | D:4      | Reached XP level 6. HP: 31/32 MP: 6/11
  3032 | D:4      | Reached skill level 6 in Air Magic
  3155 | D:4      | Reached skill level 5 in Conjurations
  3393 | D:4      | Reached XP level 7. HP: 31/36 MP: 2/13
  3618 | D:4      | Found a transporter.
  3619 | D:4      | Noticed Mryle's ghost (amateur SpEn)
  3620 | D:4      | Found a transporter.
  4111 | D:4      | Killed Eustachio
  4111 | D:4      | Reached skill level 7 in Air Magic
  4173 | D:4      | Learned a level 4 spell: Airstrike
  4364 | D:5      | Entered Level 5 of the Dungeon
  4812 | D:5      | Found a staircase to the Ecumenical Temple.
  4820 | Temple   | Entered the Ecumenical Temple
  5041 | Temple   | Became a worshipper of Qazlal Stormbringer
  5058 | D:5      | Reached XP level 8. HP: 31/41 MP: 2/14
  5256 | D:5      | Reached skill level 8 in Air Magic
  5601 | D:5      | Noticed Edmund
  5645 | D:5      | Killed Edmund
  5742 | D:5      | Learned a level 5 spell: Lightning Bolt
  6173 | D:5      | Reached skill level 5 in Dodging
  6245 | D:6      | Reached skill level 9 in Air Magic
  6357 | D:6      | Reached XP level 9. HP: 24/45 MP: 1/16
  6615 | D:6      | Reached * piety under Qazlal
  7386 | D:6      | Reached skill level 10 in Air Magic
  7521 | D:7      | Reached skill level 5 in Spellcasting
  7638 | D:7      | Reached skill level 1 in Shields
  7656 | D:7      | Noticed Prince Ribbit
  7698 | D:7      | Killed Prince Ribbit
  7995 | D:7      | Reached skill level 10 in Conjurations
  8078 | D:7      | Noticed a manticore
  8346 | D:7      | Noticed Menkaure
  8416 | D:7      | Noticed Joseph
  8436 | D:7      | Killed Joseph
  8436 | D:7      | Reached XP level 10. HP: 35/50 MP: 0/18
  8673 | D:7      | Killed a manticore
  8923 | D:7      | Killed Menkaure
  9327 | D:3      | Killed cada's ghost
  9515 | D:4      | Killed Mryle's ghost
  9973 | D:8      | Found a staircase to the Lair.
 10152 | D:8      | Reached skill level 11 in Air Magic
 10157 | D:8      | Reached ** piety under Qazlal
 10596 | D:8      | Found a white marble altar of Elyvilon.
 10598 | D:8      | Found a shimmering altar of Xom.
 10598 | D:8      | Found a burning altar of Makhleb.
 10600 | D:8      | Found a glowing silver altar of Zin.
 10600 | D:8      | Found an ornate altar of the Wu Jian Council.
 10600 | D:8      | Found a basalt altar of Yredelemnul.
 10974 | D:9      | Found Noel's Gadget Shop.
 11400 | D:9      | Reached *** piety under Qazlal
 11432 | D:9      | Found a glowing golden altar of the Shining One.
 11504 | D:9      | Found Umnadais's Food Emporium.
 11531 | D:9      | Found Terriusa's Distillery.
 11538 | D:9      | Bought a potion of lignification for 36 gold pieces
 11538 | D:9      | Bought a potion of brilliance for 48 gold pieces
 11538 | D:9      | Bought a potion of mutation for 96 gold pieces
 11538 | D:9      | Bought a potion of heal wounds for 60 gold pieces
 11538 | D:9      | Bought a potion of curing for 36 gold pieces
 11538 | D:9      | Bought a potion of heal wounds for 60 gold pieces
 11538 | D:9      | Gained mutation: Your spells are a little harder to cast,
                  | but a little more powerful. [potion of mutation]
 11538 | D:9      | Gained mutation: You have an increased reservoir of magic.
                  | (+10% MP) [potion of mutation]
 11538 | D:9      | Gained mutation: You expend magic power (3 MP) to
                  | strengthen your wands. [potion of mutation]
 11538 | D:9      | Gained mutation: Your muscles are strong. (Str +2) [potion
                  | of mutation]
 11561 | D:9      | Found Qagiazof's Magic Scroll Shop.
 11569 | D:9      | Bought a scroll of identify for 24 gold pieces
 11569 | D:9      | Bought a scroll of blinking for 90 gold pieces
 11569 | D:9      | Bought a scroll of noise for 12 gold pieces
 11661 | D:9      | Found Neduhod's Assorted Antiques.
 11665 | D:9      | Bought a scroll of identify for 50 gold pieces
 11921 | D:9      | Found a sparkling altar of Nemelex Xobeh.
 11998 | D:10     | Entered Level 10 of the Dungeon
 12001 | D:10     | Reached XP level 11. HP: 40/54 MP: 10/24
 12068 | Lair:1   | Entered Level 1 of the Lair of Beasts
 12079 | Lair:1   | Found a stormy altar of Qazlal.
 12079 | Lair:1   | Noticed an oklob plant
 12552 | Lair:1   | Killed an oklob plant
 12640 | Lair:1   | Noticed a seven-headed hydra
 12761 | D:10     | Reached skill level 10 in Dodging
 12959 | D:10     | Noticed a two-headed ogre
 12966 | D:10     | Killed a two-headed ogre
 12966 | D:10     | Reached skill level 12 in Air Magic
 13040 | D:10     | Noticed an ice dragon
 13325 | Lair:1   | Killed a seven-headed hydra
 13777 | Lair:1   | Reached **** piety under Qazlal
 14257 | Lair:1   | Noticed an eight-headed hydra
 14319 | Lair:1   | Killed an eight-headed hydra
 14628 | Lair:2   | Reached XP level 12. HP: 31/59 MP: 16/27
 15033 | Lair:2   | Reached skill level 13 in Air Magic
 15064 | Lair:2   | Noticed Gastronok
 15069 | Lair:2   | HP: 1/59 [Gastronok/the air (58)]
 15385 | Lair:2   | Killed Gastronok
 15605 | Lair:2   | Found a hole to the Spider Nest.
 15799 | Lair:2   | Learned a level 6 spell: Conjure Ball Lightning
 15938 | Lair:2   | Got an encrusted leather armour
 15950 | Lair:2   | Identified the +3 leather armour of the Ant {rN+ Str+8
                  | Int-2} (You found it on level 2 of the Lair of Beasts)
 16377 | Lair:3   | Noticed a seven-headed hydra
 16394 | Lair:3   | Killed a seven-headed hydra
 16507 | Lair:3   | Reached skill level 14 in Air Magic
 16515 | Lair:3   | Noticed a six-headed hydra
 16519 | Lair:3   | Killed a six-headed hydra
 16847 | Lair:3   | Found a staircase to the Shoals.
 16909 | Lair:3   | Reached skill level 15 in Dodging
 17411 | Lair:4   | Reached XP level 13. HP: 63/63 MP: 15/29
 17412 | Lair:4   | Found a frozen archway.
 17421 | IceCv    | Entered an ice cave
 17431 | IceCv    | Found a transporter.
 17714 | Lair:4   | Reached ***** piety under Qazlal
 17886 | Lair:4   | Reached skill level 15 in Air Magic
 18372 | Lair:5   | Found a runed translucent door.
 18372 | Lair:5   | Found a viscous altar of Jiyva.
 18373 | Lair:5   | Found a staircase to the Slime Pits.
 19340 | Lair:6   | Entered Level 6 of the Lair of Beasts
 19449 | Lair:6   | Reached skill level 16 in Air Magic
 20238 | Lair:5   | Reached XP level 14. HP: 67/68 MP: 18/30
 20375 | Lair:6   | Reached skill level 17 in Air Magic
 20496 | Lair:6   | Noticed Urug
 20678 | Lair:6   | Killed Urug
 22194 | D:9      | Reached skill level 18 in Air Magic
 22245 | D:10     | Reached ****** piety under Qazlal
 22800 | D:10     | Got an ivory short sword
 22800 | D:10     | Got a translucent hand axe
 22803 | D:10     | Identified the +4 hand axe of Starshine {venom, rN+} (You
                  | found it on level 10 of the Dungeon)
 22804 | D:10     | Identified the +7 short sword of Xoerygh {holy, *Noise
                  | +Blink rC++ Dex+2} (You found it on level 10 of the
                  | Dungeon)
 23360 | D:11     | Noticed Grum
 23364 | D:11     | Killed Grum
 23648 | D:11     | Found a blossoming altar of Fedhas.
 24012 | D:12     | Found a roughly hewn altar of Beogh.
 24440 | D:12     | Reached XP level 15. HP: 72/72 MP: 18/31
 24700 | D:12     | Identified a scroll of acquirement
 24704 | D:12     | Got an ichor-stained hat
 24715 | D:12     | Identified the +3 hat of a treasure trove {Int+3 Stlth-}
                  | (You acquired it on level 12 of the Dungeon)
 24738 | D:12     | Found a staircase to the Orcish Mines.
 24857 | D:12     | Found a runed translucent door.
 24862 | D:12     | Noticed a lich
 24866 | D:12     | Noticed Hatarum's ghost (journeyman DsFi)
 24870 | D:12     | Found a runed translucent door.
 24872 | D:12     | Noticed a storm dragon
 24926 | D:12     | Reached skill level 19 in Air Magic
 25348 | D:12     | Killed a storm dragon
 25393 | D:12     | Killed a lich
 25450 | D:12     | Killed Hatarum's ghost
 25579 | D:12     | Learned a level 9 spell: Tornado
 25620 | D:13     | Noticed Snorg
 25632 | D:13     | Killed Snorg
 25775 | Orc:1    | Entered Level 1 of the Orcish Mines
 26396 | Orc:1    | Reached skill level 1 in Invocations
 26792 | Orc:2    | Entered Level 2 of the Orcish Mines
 26865 | Orc:2    | Found a gate leading to a gauntlet.
 26876 | Gauntlet | Entered a Gauntlet
 26876 | Gauntlet | Found a transporter.
 26876 | Gauntlet | Found a transporter.
 26878 | Gauntlet | Found a transporter.
 26880 | Gauntlet | Found a transporter.
 26883 | Gauntlet | Found a transporter.
 26893 | Gauntlet | Found a transporter.
 26899 | Gauntlet | Found a transporter.
 26916 | Gauntlet | Found a transporter.
 26924 | Gauntlet | Found a transporter.
 26944 | Gauntlet | Found a transporter.
 26954 | Gauntlet | Found a transporter.
 26973 | Gauntlet | Found a transporter.
 27133 | Gauntlet | Got a smelly leather armour
 27151 | Gauntlet | Identified the +1 leather armour of Intuition {rC- Int+3}
                  | (You found it in a Gauntlet)
 27194 | Gauntlet | Got a pair of spiked gloves
 27211 | Gauntlet | Identified the cursed -6 pair of gloves "Cocwamm" {Int+2
                  | Dex+4} (You found it in a Gauntlet)
 27247 | Gauntlet | Identified the Reference Book on Boosts
 27346 | Orc:2    | Reached skill level 20 in Air Magic
 27539 | Orc:2    | Noticed an orc warlord
 27546 | Orc:2    | Killed an orc warlord
 27583 | Orc:2    | Noticed Saint Roka
 27613 | Orc:2    | Killed Saint Roka
 27787 | Orc:2    | Reached XP level 16. HP: 76/76 MP: 9/32
 27983 | Orc:2    | Found a staircase to the Elven Halls.
 27994 | Orc:2    | Found a roughly hewn altar of Beogh.
 28009 | Orc:2    | Found Bizexeji's General Store.
 28054 | Orc:2    | Found Ymacudgh's Antique Armour Shop.
 28183 | Orc:2    | Found Qyphia's Antique Weapon Shop.
 28187 | Orc:2    | Found Ohi Ymaxide's Book Shop.
 28949 | D:13     | Cast into level 2 of the Abyss (a wizard)
 29276 | Abyss:2  | Noticed a bone dragon
 29279 | Abyss:2  | Noticed a tentacled starspawn
 29295 | Abyss:2  | Noticed a tentacled starspawn
 29297 | Abyss:2  | Found a corrupted altar of Lugonu.
 29300 | Abyss:2  | Killed a tentacled starspawn
 29323 | Abyss:2  | Noticed a tentacled starspawn
 29333 | Abyss:2  | Killed a tentacled starspawn
 29349 | Abyss:2  | Noticed a bone dragon
 29552 | Abyss:2  | Noticed a profane servitor
 29559 | Abyss:2  | Slain by a profane servitor

Levels and vault maps discovered:
D:1:      minmay_arrival_jagged, layout_loops_ring, serial_park_tiny_1
D:2:      layout_basic, tso_oasis_becter, first_ration, uniq_terence
D:3:      layout_loops_ring, chequers_ecumenical_altar_grove,
          hellmonk_ghost_happy_afterlife
D:4:      layout_cave_pools, serial_park, gammafunk_ghost_smash,
          minmay_quantized, uniq_eustachio
D:5:      layout_rooms, minmay_temple_entry_grid, uniq_edmund
D:6:      layout_loops_ring
D:7:      layout_basic, minmay_manual_maat, uniq_prince_ribbit1, uniq_joseph,
          uniq_menkaure
D:8:      layout_cave_pools, lair_entry_dummy, blue_anna_alchemist
          [blue_anna_fruit_fields, blue_anna_fruit_fields], st_stairs_13,
          chequers_arboretum, doesnt_xom_only_xom
D:9:      layout_loops_ring, nicolae_overflow_hidden_temple, serial_shops,
          shop_fountains, nicolae_shop_behind_doors, shop_fountains, shop, shop,
          tso_metal_star
D:10:     minmay_the_grid_3x3 [minmay_the_grid_tree, minmay_the_grid_plusring,
          minmay_the_grid_small_cups, minmay_the_grid_odd_star,
          minmay_the_grid_medium_cups, minmay_the_grid_mess,
          minmay_the_grid_dragon_b, minmay_the_grid_garden,
          minmay_the_grid_prize_shrinking_boxes], layout_cave_pools
D:11:     layout_rooms, lemuel_centaur_altar, uniq_grum
D:12:     layout_basic, david_orc_5, muffindrake_ghost_dual_entry
D:13:     minmay_tri_stars, layout_rooms, ximxim_vaults_locker_room, uniq_snorg
Temple:   regret_index_temple_chain_breaker
Lair:1:   layout_cave_pods, lemuel_oklob_altar, serial_bayou_shore_b
Lair:2:   layout_long_grid, nicolae_spider_entry_orb_guardian,
          grunt_megastairs_4, uniq_gastronok
Lair:3:   layout_regular_city, elwin_shoals_entry_stream
Lair:4:   layout_big_grid, portal_ice_cave_entry_pillars_1
Lair:5:   minmay_lair_oklob_tunnel, layout_regular_city, slime_altar_2,
          lemuel_fruit_tree, serial_bayou_shore_a
Lair:6:   evilmike_catoblepas_cave, layout_loops_ring,
          infiniplex_staircase_pool_2, uniq_urug
Orc:1:    layout_diamond_mine
Orc:2:    grunt_orc_cross, layout_diamond_mine, gauntlet_entry_generic,
          uniq_saint_roka
Abyss:2:  base: Lair:4, evilmike_abyss_exit_chaos,
          hangedman_abyss_or_decor_stabs, minivault_23

Skill      XL: |  1  2  3  4  5  6  7  8  9 10 11 12 13 14 15 16 |
---------------+-------------------------------------------------+-----
Conjurations   | 2 3 4 5 6 8 10 11 12 13 | 13.3
Air Magic      | 5 6 7 9 10 11 12 14 16 18 20 | 20.9
Dodging        | 3 4 5 6 9 12 15 16 18 19 | 19.8
Spellcasting   | 3 4 5 6 7 8 |  8.4
Shields        | 4 |  4.0
Invocations    | 3 4 |  4.3
Stealth        | |  2.0

Action                   |  1- 3 |  4- 6 |  7- 9 | 10-12 | 13-15 | 16-18 || total
-------------------------+-------+-------+-------+-------+-------+-------++-------
Melee: Short sword       |    26 |    26 |    55 |   158 |   216 |    46 ||   527
       Kick              |     4 |     4 |     7 |    35 |    56 |    14 ||   120
       Peck              |     1 |     1 |     1 |    21 |    34 |     3 ||    61
Throw: Stone             |       |       |       |       |     1 |       ||     1
 Cast: Shock             |    32 |    85 |   175 |    78 |    71 |     5 ||   446
       Static Discharge  |       |     3 |    17 |    26 |    16 |     2 ||    64
       Airstrike         |       |       |    24 |    56 |    87 |    12 ||   179
       Swiftness         |       |       |     5 |     3 |     5 |       ||    13
       Lightning Bolt    |       |       |     5 |   100 |   344 |    74 ||   523
       Conjure Ball Ligh |       |       |       |     1 |     1 |       ||     2
       Tornado           |       |       |       |       |       |     1 ||     1
Invok: Elemental Force   |       |       |       |       |     1 |       ||     1
 Abil: Fly               |       |     1 |       |     1 |       |       ||     2
       Stop Flying       |       |       |       |     1 |       |       ||     1
Evoke: Wand              |       |       |       |     7 |    14 |       ||    21
       Fan of gales      |       |       |       |       |     1 |       ||     1
  Use: Potion            |       |     2 |       |     4 |     9 |     8 ||    23
       Scroll            |       |       |     7 |    16 |    18 |     9 ||    50
 Stab: Sleeping          |     3 |     2 |       |       |       |       ||     5
  Eat: Chunk             |     2 |     6 |    22 |    24 |    39 |     8 ||   101
       Ration            |       |       |       |    10 |    17 |     4 ||    31
Armor: Robe              |     5 |     6 |    14 |     5 |     9 |     9 ||    48
Dodge: Dodged            |    16 |    46 |   133 |   155 |   265 |    87 ||   702
       Deflected         |       |       |       |       |     6 |     4 ||    10
Block: Buckler           |       |       |     8 |    92 |   231 |    78 ||   409
